 Dungeon Crawl Stone Soup version 0.21.1-1-g345015fe64 (webtiles) character file.

256779 Jannitor the Champion of Chaos (level 19, -2/180 HPs)
             Began as a Deep Dwarf Fighter on Apr 27, 2018.
             Was the Champion of Makhleb.
             Slain by a yaktaur captain (28 damage)
             ... on level 4 of the Vaults.
             The game lasted 00:45:10 (21509 turns).

Jannitor the Champion of Chaos (DDFi)              Turns: 21509, Time: 00:45:10

Health: -2/180     AC: 22    Str: 26    XL:     19   Next: 8%
Magic:  5/5        EV: 15    Int: 11    God:    Makhleb [******]
Gold:   1317       SH: 29    Dex: 15    Spells: 18/18 levels left

rFire    + . .     SeeInvis .   V - +3 broad axe (flame)
rCold    . . .     Gourm    .   X - +2 large shield
rNeg     + + .     Faith    .   c - +1 chain mail of the Arcane {+Fly MR+}
rPois    +         Spirit   .   v - +1 helmet
rElec    .         Reflect  +   (no cloak)
rCorr    .         Harm     .   D - +0 pair of gloves
MR       +++..                  w - +2 pair of boots
Stlth    ..........             e - +2 amulet of reflection
HPRegen  0.00/turn              H - ring of poison resistance
MPRegen  0.09/turn              P - ring "Ucrip" {rF+ rN+ EV-2 Dex+3} (curse)

@: very slightly contaminated, non-regenerating, slowed, very slow
A: damage resistance, heal wounds, large bone plates 1, high mp 1, negative
energy resistance 1, sense surroundings 3, no regeneration
}: 2/15 runes: decaying, serpentine
a: Heal Wounds, Minor Destruction, Lesser Servant of Makhleb, Major Destruction,
Greater Servant of Makhleb, Renounce Religion, Evoke Flight


You were on level 4 of the Vaults.
You worshipped Makhleb.
Makhleb was exalted by your worship.
You were not hungry.

You visited 6 branches of the dungeon, and saw 32 of its levels.
You also visited: Labyrinth.

You collected 1913 gold pieces.
You spent 596 gold pieces at shops.

Inventory:

Hand Weapons
 V - a +3 broad axe of flaming (weapon)
Armour
 c - the +1 chain mail of the Arcane (worn) {+Fly MR+}
   (You bought it in a shop on level 4 of the Snake Pit)

   It affects your resistance to hostile enchantments.
   It lets you fly.
 v - a +1 helmet (worn)
 w - a +2 pair of boots (worn)
 x - a +0 pair of boots
 D - a +0 pair of gloves (worn)
 X - a +2 large shield (worn)
 Y - a +0 plate armour
 Z - the +7 chain mail "Trusted Companion" {rC- rN++ Str+2 SInv}
   (You found it on level 3 of the Lair of Beasts)

   It affects your strength (+2).
   It makes you vulnerable to cold.
   It greatly protects you from negative energy.
   It lets you see invisible.
Jewellery
 a - an uncursed ring of see invisible {unknown}
 b - an uncursed ring of stealth
 e - a +2 amulet of reflection (around neck)
 r - a +5 ring of protection
 s - a +2 ring of protection
 u - a +3 ring of strength
 y - a cursed -3 ring of protection
 F - an uncursed ring of protection from magic {unknown}
 H - a ring of poison resistance (left hand)
 I - a cursed ring of loudness {unknown}
 O - a +5 ring of dexterity
 P - the cursed ring "Ucrip" (right hand) {rF+ rN+ EV-2 Dex+3}
   (You found it in a labyrinth)

   [ring of evasion]

   It affects your evasion (-2).
   It affects your dexterity (+3).
   It protects you from fire.
   It protects you from negative energy.
   It has a curse placed upon it.
 W - an uncursed ring of resist corrosion
Wands
 C - a wand of digging (14)
Scrolls
 h - 5 scrolls of fog
 l - 3 scrolls of teleportation
 m - 15 scrolls of remove curse
 t - 16 scrolls of identify
 A - 4 scrolls of amnesia
 G - a scroll of vulnerability {unknown}
 J - 2 scrolls of magic mapping
 K - a scroll of enchant weapon
 M - a scroll of brand weapon
Potions
 d - 3 potions of might
 i - 4 potions of mutation
 j - 10 potions of flight
 k - 9 potions of brilliance
 n - 2 potions of agility
 o - 2 potions of magic
 p - a potion of haste
 q - 2 potions of invisibility
 z - 6 potions of curing
 B - 4 potions of lignification
 E - a potion of degeneration {unknown}
 L - 2 potions of resistance
Miscellaneous
 U - a phial of floods
Comestibles
 f - 32 rations


   Skills:
 + Level 13.6 Fighting
 + Level 15.7 Axes
 + Level 15.9 Armour
 + Level 15.6 Dodging
 + Level 15.9 Shields
 + Level 17.0 Invocations


You had 18 spell levels left.
You didn't know any spells.

Dungeon Overview and Level Annotations

Branches:
Dungeon (15/15)            Temple (1/1) D:6            Lair (4/6) D:10
  Swamp (4/4) Lair:3        Snake (4/4) Lair:4          Orc (0/2) D:9
 Vaults (4/5) D:14          Crypt (0/3) Vaults:2     Depths (0/5) D:15

Altars:
Ashenzari
Cheibriados
Dithmenos
Elyvilon
Fedhas
Hepliaklqana
Kikubaaqudgha
Makhleb
Okawaru
Qazlal
Trog
Uskayaw
Wu Jian
Xom
Yredelemnul
Zin
The Shining One

Shops:
D:6 (   D:10 =   Snake:2 *   Snake:4 [   Vaults:1 :=[   Vaults:2 }[?

Annotations:
D:5 1 runed door
Lair:2 2 transporters
Lair:4 exclusion: 3 oklob plants
Snake:2 4 exclusions
Vaults:3 Sojobo


Innate Abilities, Weirdness & Mutations

You are resistant to damage.
You can heal yourself by infusing magical energy.
You resist negative energy. (rN+)
You passively map a large area around you.
You do not regenerate.
You are partially covered in large bone plates. (SH +4)
You have an increased reservoir of magic. (+10% MP)


Message History

You block the ironbrand convoker's attack.
The orc hits you but does no damage. The ettin hits you but does no damage.
The ettin hits you with a dire flail of protection!!!
* * * LOW HITPOINT WARNING * * *
Unknown command.
Unknown command.
You feel much better.
You block the sphinx's attack. x3; The yaktaur hits you.
The yaktaur captain hits you!
* * * LOW HITPOINT WARNING * * *
The ironbrand convoker gestures at the ettin while chanting.
The ettin seems to grow stronger.
You block the ettin's attack.
The ettin hits you with a dire flail of protection!
* * * LOW HITPOINT WARNING * * *
You block the orc's attack. The yaktaur completely misses you.
The sphinx hits you but does no damage. x2; You block the sphinx's attack.
Unknown command.
Unknown command.
Your magical essence is drained by the effort!
You feel much better. The yaktaur captain hits you!!
You die...

###### ,* * *
.....# #.....#
, *,*, .....#
####.....#### *
*, * .....#
#...(.......#*
, , , .....#
#...........#*,
* , * ).<..#
#...........+.
* , , .....#
#.....c.....#.
* .....#
#...ccpc....#.
, .....#
#.C@o.# ** ,
###### #...H>#
* , #.....# **
,,** * * *
##++### ** * ,
, , , * * ** ,
,, ,, , , , , ,
, , ,, ,


You could see a sphinx, a yaktaur captain, an ettin, an ironbrand convoker, 3
yaktaurs and an orc.

Vanquished Creatures
  Mara (Snake:4)
  3 thorn hunters
  9 nagarajas
  Louise (D:15)
  2 frost giants
  Aizul (Snake:4)
  5 vault wardens
  8 ironheart preservers
  2 very ugly things (Vaults:4)
  A vampire knight (Vaults:2)
  3 stone giants
  A deep elf demonologist (Vaults:3)
  A crystal guardian (Vaults:2)
  A minotaur (Lab)
  2 fire dragons
  3 great orbs of eyes
  4 yaktaur captains
  Fannar (D:10)
  5 hydras
  3 rakshasas
  An ice dragon (D:15)
  8 naga warriors
  7 vault guards
  Erica (D:8)
  The ghost of Jannitor the Blocker, a novice DDFi of Makhleb (D:10)
  8 ogre magi
  26 two-headed ogres
  A death knight (Vaults:4)
  9 centaur warriors
  6 alligators
  A queen ant (D:11)
  A deep troll earth mage (Vaults:1)
  A deep troll shaman (Vaults:1)
  A spriggan berserker (Swamp:4)
  2 tengu warriors (D:15)
  A shock serpent (Snake:1)
  Urug (D:14)
  12 naga sharpshooters
  2 deep elf knights (Vaults:1)
  4 salamander mystics (Snake:4)
  2 skeletal warriors
  A shadow wraith (Vaults:1)
  7 unseen horrors
  2 spriggan druids
  7 deep trolls (Vaults:1)
  4 naga ritualists
  2 sea snakes (Snake:2)
  2 flayed ghosts
  8 swamp dragons
  11 ironbrand convokers
  3 shambling mangroves
  A phantasmal warrior (Vaults:4)
  A deep elf archer (Vaults:1)
  A deep elf mage (D:12)
  5 orc knights
  Pikel (D:8)
  A necromancer (Vaults:2)
  10 harpies
  7 mana vipers
  2 wolf spiders
  3 manticores
  10 salamanders
  12 ugly things
  4 cyclopes
  A guardian serpent (Snake:3)
  Psyche (D:8)
  21 black mambas
  10 naga magi
  8 vault sentinels
  Joseph (D:8)
  4 centaur skeletons
  8 gargoyles
  A torpor snail (Lair:3)
  14 spiny frogs
  10 yaktaurs
  A kobold demonologist (D:15)
  4 komodo dragons
  3 trolls
  3 freezing wraiths
  A troll (shapeshifter) (Vaults:3)
  4 polar bears
  4 blink frogs (Lair:4)
  7 hornets
  A blink frog (shapeshifter) (Vaults:1)
  A wolf spider simulacrum (D:15)
  6 bog bodies
  15 slime creatures
  3 tyrant leeches
  5 hippogriffs
  A meliai zombie (D:14)
  Sigmund (D:4)
  4 spriggans
  2 shadows
  2 wyverns
  3 vampires
  3 wraiths
  A basilisk (shapeshifter) (Vaults:2)
  29 yaks
  2 basilisks
  16 humans (D:14)
  A hungry ghost (D:14)
  5 vampire mosquitoes
  Menkaure (D:4)
  8 swamp worms
  A warg (Vaults:1)
  A yaktaur simulacrum (Vaults:2)
  42 nagas
  An acid dragon (Vaults:1)
  6 insubstantial wisps (Swamp:3)
  20 soldier ants
  12 water moccasins
  9 swamp drakes
  4 porcupines
  3 eyes of draining
  9 ice beasts
  13 orc warriors
  A slave (D:8)
  4 phantoms
  2 sky beasts
  7 black bears
  20 ogres
  6 wolves
  5 crocodiles
  10 centaurs
  2 big kobolds (D:11)
  14 bullfrogs
  3 scorpions
  15 killer bees
  A water moccasin skeleton (D:4)
  7 electric eels
  7 howler monkeys
  6 crimson imps
  4 lava snakes (Lab)
  A centaur zombie (D:11)
  A bullfrog zombie (D:13)
  7 hounds
  A bullfrog skeleton (D:13)
  6 jellies
  10 orc priests
  Natasha (thrice) (D:2)
  4 iguanas
  24 worker ants
  11 orc wizards
  A hound zombie (D:5)
  A hound skeleton (D:5)
  Robin (D:3)
  11 adders
  3 shadow imps
  3 white imps (D:8)
  2 worker ant simulacra (D:8)
  9 oozes
  An adder skeleton (D:9)
  2 worms (D:3)
  A dart slug (D:1)
  2 leopard geckos
  55 orcs
  2 ball pythons
  6 giant cockroaches
  11 hobgoblins
  11 jackals
  11 kobolds
  6 quokkas
  14 bats
  4 frilled lizards
  16 goblins
  A jackal skeleton (D:4)
  5 rats
  11 fungi
  7 plants
974 creatures vanquished.

Vanquished Creatures (collateral kills)
  Vashnia (Snake:3)
  A lich (Vaults:1)
  A thorn hunter (Swamp:3)
  Agnes (Snake:2)
  The ghost of DarkMoon the Convoker, an adept DESu of Sif Muna (Snake:3)
  A jiangshi (Vaults:2)
  An ogre mage (D:15)
  A vault guard (Vaults:2)
  7 hydras (Swamp:4)
  3 naga warriors (Snake:4)
  2 alligators (Swamp:3)
  A death knight (D:13)
  3 naga sharpshooters
  2 shock serpents
  4 skeletal warriors
  A salamander mystic (Snake:3)
  5 sea snakes (Snake:2)
  2 naga ritualists
  A shambling mangrove (Swamp:4)
  A harpy (Vaults:2)
  3 ugly things (D:15)
  2 mana vipers
  2 salamanders
  6 black mambas
  7 naga magi
  A komodo dragon (shapeshifter) (Vaults:2)
  2 tyrant leeches
  2 slime creatures (Swamp:4)
  A bog body (Swamp:4)
  7 hornets
  2 spriggans
  A shadow (Swamp:2)
  A human (shapeshifter) (D:15)
  18 nagas
  3 swamp drakes (Swamp:4)
  An electric eel (Snake:2)
  A shadow imp (D:15)
  A fungus (Swamp:3)
101 creatures vanquished.

Vanquished Creatures (others)
  A tengu reaver (Vaults:3)
  A nagaraja (Snake:4)
  A yaktaur captain (Vaults:1)
  2 centaur warriors (Vaults:1)
  4 naga sharpshooters
  A glowing orange brain (Vaults:3)
  An ironbrand convoker (Vaults:3)
  A harpy (Vaults:3)
  2 naga magi
  2 yaktaurs
  A slave (D:8)
  An ogre (Vaults:3)
  5 centaurs
  A hound skeleton (D:8)
  A white imp (D:8)
  An orc (D:8)
  A quokka (D:15)
  18 fungi
  2 plants
47 creatures vanquished.

Grand Total: 1122 creatures vanquished

Notes
Turn   | Place    | Note
-------+----------+-------------------------------------------
     0 | D:1      | Jannitor the Deep Dwarf Fighter began the quest for the Orb.
     0 | D:1      | Reached XP level 1. HP: 20/20 MP: 1/1
   220 | D:1      | Reached XP level 2. HP: 27/27 MP: 2/2
   332 | D:1      | Found a snail-covered altar of Cheibriados.
   677 | D:2      | Reached skill level 1 in Dodging
   733 | D:2      | Reached XP level 3. HP: 32/34 MP: 3/3
   747 | D:2      | Found a hide-covered altar of Uskayaw.
   749 | D:2      | Noticed Natasha
   757 | D:2      | Killed Natasha
   757 | D:2      | Reached XP level 4. HP: 23/42 MP: 4/4
   872 | D:2      | Noticed Natasha
   876 | D:2      | Killed Natasha
   949 | D:2      | Noticed Natasha
   955 | D:2      | Killed Natasha
  1067 | D:2      | Reached XP level 5. HP: 31/49 MP: 5/5
  1705 | D:3      | Noticed Robin
  1721 | D:3      | Killed Robin
  1969 | D:3      | Reached XP level 6. HP: 56/56 MP: 6/6
  2087 | D:3      | Found a shattered altar of Ashenzari.
  2453 | D:4      | Found a shadowy altar of Dithmenos.
  2644 | D:4      | Noticed Menkaure
  2657 | D:4      | Killed Menkaure
  3208 | D:4      | Reached skill level 5 in Armour
  3208 | D:4      | Reached XP level 7. HP: 46/64 MP: 7/7
  3338 | D:5      | Entered Level 5 of the Dungeon
  3352 | D:5      | Reached skill level 5 in Shields
  3495 | D:5      | Found a runed door.
  3502 | D:5      | Found a glowing silver altar of Zin.
  3502 | D:5      | Noticed an angel
  3617 | D:5      | Found a glowing silver altar of Zin.
  3622 | D:5      | Reached XP level 8. HP: 45/73 MP: 8/8
  3735 | D:4      | Noticed Sigmund
  3751 | D:4      | Killed Sigmund
  3751 | D:4      | Reached skill level 5 in Axes
  4315 | D:6      | Found Wizun's Antique Weapon Shop.
  4446 | D:6      | Found a staircase to the Ecumenical Temple.
  4546 | D:6      | Reached skill level 5 in Fighting
  4763 | D:6      | Found an iron altar of Okawaru.
  4763 | D:6      | Found a white marble altar of Elyvilon.
  4768 | D:6      | Found an ancient bone altar of Kikubaaqudgha.
  4770 | D:6      | Found a glowing golden altar of the Shining One.
  4771 | D:6      | Found a snail-covered altar of Cheibriados.
  4971 | Temple   | Entered the Ecumenical Temple
  5099 | Temple   | Became a worshipper of Makhleb the Destroyer
  5157 | D:7      | Noticed a hippogriff
  5167 | D:7      | Killed a hippogriff
  5167 | D:7      | Reached skill level 5 in Dodging
  5242 | D:8      | Noticed Joseph
  5249 | D:8      | Noticed a polar bear
  5265 | D:8      | Killed a polar bear
  5267 | D:8      | Gained mutation: You passively map the area around you. [Deep Dwarf growth]
  5267 | D:8      | Reached XP level 9. HP: 52/81 MP: 9/9
  5275 | D:8      | Killed Joseph
  5287 | D:8      | Noticed Pikel
  5296 | D:8      | Killed Pikel
  5296 | D:8      | Reached skill level 1 in Invocations
  5338 | D:8      | Reached skill level 2 in Invocations
  5362 | D:8      | Reached * piety under Makhleb
  5379 | D:8      | Noticed Psyche
  5383 | D:8      | Paralysed by Psyche for 7 turns
  5395 | D:8      | Killed Psyche
  5395 | D:8      | Reached skill level 3 in Invocations
  5616 | D:8      | Reached XP level 10. HP: 45/91 MP: 11/11
  5786 | D:8      | Noticed Erica
  5825 | D:8      | Killed Erica
  5825 | D:8      | Reached skill level 4 in Invocations
  6730 | D:9      | Reached skill level 5 in Invocations
  6771 | D:9      | Noticed a two-headed ogre
  6775 | D:9      | Reached ** piety under Makhleb
  6789 | D:9      | Noticed a two-headed ogre
  6791 | D:9      | Killed a two-headed ogre
  6801 | D:9      | Killed a two-headed ogre
  6904 | D:9      | Reached XP level 11. HP: 90/100 MP: 12/12
  6922 | D:9      | Reached skill level 6 in Invocations
  7180 | D:9      | Found a staircase to the Orcish Mines.
  7266 | D:10     | Entered Level 10 of the Dungeon
  7355 | D:10     | Reached *** piety under Makhleb
  7488 | D:10     | Found a glowing golden altar of the Shining One.
  7532 | D:10     | Found a staircase to the Lair.
  7535 | D:10     | Noticed a two-headed ogre
  7553 | D:10     | Killed a two-headed ogre
  7584 | D:10     | Found Jiol's Jewellery Emporium.
  7773 | D:10     | Reached skill level 7 in Invocations
  7790 | D:10     | Noticed Fannar
  7818 | D:10     | Killed Fannar
  8111 | D:10     | Noticed Jannitor's ghost (novice DDFi)
  8126 | D:10     | Killed Jannitor's ghost
  8413 | D:11     | Reached **** piety under Makhleb
  8458 | D:11     | Reached skill level 8 in Invocations
  8472 | D:11     | Reached XP level 12. HP: 101/110 MP: 14/14
  8486 | D:11     | Noticed a queen ant
  8501 | D:11     | Killed a queen ant
  8549 | D:11     | Reached ***** piety under Makhleb
  8555 | D:11     | Reached skill level 10 in Armour
  8613 | D:11     | Reached skill level 10 in Shields
  9274 | D:12     | Reached skill level 9 in Invocations
  9351 | D:12     | Reached skill level 10 in Axes
  9458 | D:12     | Reached skill level 10 in Dodging
 10168 | D:13     | Noticed a rakshasa
 10179 | D:13     | Killed a rakshasa
 10393 | D:13     | Noticed a two-headed ogre
 10399 | D:13     | Killed a two-headed ogre
 10399 | D:13     | Reached XP level 13. HP: 121/121 MP: 16/16
 10514 | D:13     | Reached skill level 10 in Invocations
 10789 | D:14     | Found a gate to the Vaults.
 10789 | D:14     | Noticed Urug
 10813 | D:14     | Killed Urug
 10983 | D:14     | Found a blossoming altar of Fedhas.
 11025 | D:14     | Found a white marble altar of Elyvilon.
 11263 | D:14     | Found a labyrinth entrance.
 11273 | Lab      | Entered a labyrinth
 11577 | Lab      | Noticed a minotaur
 11596 | Lab      | Killed a minotaur
 11621 | Lab      | Got a twitching silver ring
 11634 | Lab      | Reached skill level 11 in Invocations
 11651 | D:14     | Identified the cursed ring "Ucrip" {rF+ rN+ EV-2 Dex+3} (You found it in a labyrinth)
 11741 | D:15     | Entered Level 15 of the Dungeon
 11908 | D:15     | Reached ****** piety under Makhleb
 11994 | D:15     | Reached skill level 10 in Fighting
 11994 | D:15     | Gained mutation: You resist negative energy. (rN+) [Deep Dwarf growth]
 11994 | D:15     | Reached XP level 14. HP: 88/132 MP: 13/13
 12054 | D:15     | Paralysed by an ogre mage for 7 turns
 12071 | D:15     | Paralysed by an ogre mage for 6 turns
 12192 | D:15     | Noticed Louise
 12209 | D:15     | Killed Louise
 12432 | D:15     | Found a staircase to the Depths.
 12610 | Lair:1   | Entered Level 1 of the Lair of Beasts
 13082 | Lair:2   | Reached skill level 12 in Invocations
 13125 | Lair:2   | Found a transporter.
 13233 | Lair:2   | Found a transporter.
 13701 | Lair:3   | Got a crude chain mail
 13718 | Lair:3   | Identified the +7 chain mail "Trusted Companion" {rC- rN++ Str+2 SInv} (You found it on level 3 of the Lair of Beasts)
 13778 | Lair:3   | Gained mutation: You have an increased reservoir of magic. (+10% MP) [potion of mutation]
 13778 | Lair:3   | Gained mutation: You are partially covered in large bone plates. (SH +4) [potion of mutation]
 13980 | Lair:3   | Found a staircase to the Swamp.
 13987 | Swamp:1  | Entered Level 1 of the Swamp
 14314 | Swamp:3  | Paralysed by a hornet for 2 turns
 14385 | Swamp:3  | Noticed a thorn hunter
 14403 | Swamp:3  | Killed a thorn hunter
 14429 | Swamp:3  | Reached XP level 15. HP: 96/140 MP: 12/12
 14440 | Swamp:3  | Noticed a thorn hunter
 14457 | Swamp:3  | Killed a thorn hunter
 14475 | Swamp:3  | Noticed a thorn hunter
 14488 | Swamp:3  | Killed a thorn hunter
 14576 | Swamp:4  | Entered Level 4 of the Swamp
 14867 | Swamp:4  | Reached skill level 13 in Invocations
 14916 | Swamp:4  | Noticed a thorn hunter
 14923 | Swamp:4  | Killed a thorn hunter
 15002 | Swamp:4  | Got a decaying rune of Zot
 15830 | Lair:4   | Found a staircase to the Snake Pit.
 15858 | Snake:1  | Entered Level 1 of the Snake Pit
 15890 | Snake:1  | Noticed a nagaraja
 15908 | Snake:1  | Killed a nagaraja
 16284 | Snake:2  | Noticed Agnes
 16291 | Snake:2  | Killed Agnes
 16403 | Snake:2  | Found Doku's General Store.
 16422 | Snake:2  | Bought a scroll of enchant weapon for 127 gold pieces
 16422 | Snake:2  | Bought a scroll of teleportation for 51 gold pieces
 16509 | Snake:2  | Reached XP level 16. HP: 125/151 MP: 9/9
 16565 | Snake:3  | Noticed an Executioner
 16578 | Snake:3  | Noticed DarkMoon's ghost (adept DESu)
 16580 | Snake:3  | Noticed Vashnia
 16661 | Snake:3  | Reached skill level 14 in Invocations
 16675 | Snake:3  | Killed DarkMoon's ghost
 16680 | Snake:3  | Killed Vashnia
 16796 | Snake:4  | Entered Level 4 of the Snake Pit
 16848 | Snake:4  | Found Neisur's Antique Armour Boutique.
 16903 | Snake:4  | Noticed Aizul
 16912 | Snake:4  | Killed Aizul
 16943 | Snake:4  | Bought a pitted chain mail for 418 gold pieces
 16953 | Snake:4  | Identified the +1 chain mail of the Arcane {+Fly MR+} (You bought it in a shop on level 4 of the Snake Pit)
 17099 | Snake:4  | Noticed Mara
 17100 | Snake:4  | Noticed Jannitor's illusion
 17502 | Snake:4  | Noticed Jannitor's illusion
 17529 | Snake:4  | HP: 4/152 [Jannitor's illusion[Mara] (6)]
 17545 | Snake:4  | Killed Mara
 17545 | Snake:4  | Reached skill level 15 in Invocations
 17545 | Snake:4  | Reached XP level 17. HP: 133/159 MP: 9/9
 17829 | Snake:4  | Got a serpentine rune of Zot
 18261 | Vaults:1 | Entered Level 1 of the Vaults
 18400 | Vaults:1 | Found Owagoc's Book Shop.
 18612 | Vaults:1 | Noticed a lich
 18616 | Vaults:1 | Killed a lich
 18629 | Vaults:1 | Reached skill level 15 in Shields
 18653 | Vaults:1 | Reached skill level 15 in Armour
 18956 | Vaults:1 | Reached skill level 16 in Invocations
 19035 | Vaults:1 | Gained mutation: You passively map a large area around you. [Deep Dwarf growth]
 19035 | Vaults:1 | Reached XP level 18. HP: 100/170 MP: 8/8
 19114 | Vaults:1 | Reached skill level 15 in Axes
 19250 | Vaults:1 | Reached skill level 15 in Dodging
 19328 | Vaults:1 | Found Penlupell's Jewellery Shop.
 19355 | Vaults:1 | Found Uweuj's Armour Shop.
 20003 | Vaults:2 | Found Oxuas's Armour Shop.
 20097 | Vaults:2 | Found Ibbalano's Magic Scroll Shop.
 20109 | Vaults:2 | Found Qakoen's Gadget Shop.
 20565 | Vaults:2 | Found a staircase to the Crypt.
 21020 | Vaults:2 | Found the +6 arbalest "Damnation" {damnation}
 21120 | Vaults:3 | Noticed Sojobo
 21323 | Vaults:3 | Noticed a Brimstone Fiend
 21464 | Vaults:4 | Reached XP level 19. HP: 180/180 MP: 7/7
 21471 | Vaults:4 | Reached skill level 17 in Invocations
 21498 | Vaults:4 | HP: 6/180 [ettin/dire flail (14)]
 21507 | Vaults:4 | HP: 6/180 [ettin/dire flail (34)]
 21509 | Vaults:4 | Slain by a yaktaur captain

Skill      XL: |  1  2  3  4  5  6  7  8  9 10 11 12 13 14 15 16 17 18 19 |
---------------+----------------------------------------------------------+-----
Dodging        | 1 2 3 4 5 6 8 9 10 11 12 13 14 15 | 15.6
Fighting       | 3 4 5 6 7 8 9 10 11 12 13 | 13.6
Axes           | 3 4 6 7 8 9 10 11 12 13 14 15 | 15.7
Shields        | 4 5 6 7 8 9 10 11 12 13 14 15 | 15.9
Armour         | 4 5 6 7 8 9 10 11 12 13 14 15 | 15.9
Invocations    | 3 5 8 9 11 12 13 15 16 17 | 17.0

Action                   |  1- 3 |  4- 6 |  7- 9 | 10-12 | 13-15 | 16-18 | 19-21 || total
-------------------------+-------+-------+-------+-------+-------+-------+-------++-------
Melee: War axe           |    60 |   190 |   235 |  1038 |   499 |       |       ||  2022
       Broad axe         |       |       |       |       |   861 |  1397 |    27 ||  2285
Invok: Lesser Servant of |       |       |       |       |    14 |       |       ||    14
       Greater Servant o |       |       |       |       |     7 |    18 |       ||    25
 Abil: Heal Wounds       |       |     6 |    13 |    19 |    54 |    38 |     6 ||   136
Evoke: Phantom mirror    |       |       |       |       |     1 |       |       ||     1
       Phial of floods   |       |       |       |       |       |     1 |       ||     1
  Use: Scroll            |       |     8 |       |     3 |    12 |     9 |     2 ||    34
       Potion            |       |       |     1 |     4 |    12 |     8 |       ||    25
 Stab: Distracted        |       |       |       |       |    10 |     2 |       ||    12
  Eat: Chunk             |       |     6 |     3 |    13 |    19 |    19 |       ||    60
       Ration            |       |       |     2 |     1 |     2 |       |       ||     5
Armor: Scale mail        |    29 |    95 |   133 |   105 |       |       |       ||   362
       Chain mail        |       |       |       |   468 |   401 |   341 |    19 ||  1229
       Plate armour      |       |       |       |       |   339 |    82 |       ||   421
Dodge: Dodged            |    15 |    93 |   120 |   436 |   504 |   428 |    22 ||  1618
Block: Shield            |    28 |   148 |   178 |   860 |   472 |       |       ||  1686
       Reflection        |       |     3 |    15 |    13 |    53 |   211 |     5 ||   300
       Large shield      |       |       |       |       |  1186 |  2037 |    73 ||  3296
